 Dungeon Crawl Stone Soup version 0.26.1-11-gd32895ea62 (webtiles) character file.

Game seed: 5517349991151925219

36 soggyman666 the Chopper (level 3, -4/28 HPs)
             Began as a Demonspawn Gladiator on May 1, 2021.
             Slain by Sigmund
             ... wielding a +0 scythe
              (9 damage)
             ... on level 2 of the Dungeon.
             The game lasted 00:02:28 (1038 turns).

soggyman666 the Chopper (Demonspawn Gladiator)      Turns: 1038, Time: 00:02:29

Health: -4/28      AC:  5    Str: 15    XL:     3   Next: 19%
Magic:  3/3        EV: 13    Int:  9    God:
Gold:   40         SH:  0    Dex: 14    Spells: 2/2 levels left

rFire    . . .     SeeInvis .   a - +0 war axe
rCold    . . .     Faith    .   (no shield)
rNeg     . . .     Spirit   .   b - +0 leather armour
rPois    .         Reflect  .   c - +1 helmet
rElec    .         Harm     .   (no cloak)
rCorr    .         Rampage  .   (no gloves)
Will     .....                  (no boots)
Stlth    +.........             (no amulet)
HPRegen  0.09/turn              (no ring)
MPRegen  0.08/turn              (no ring)

@: no status effects
A: powered by death 1, miasma immunity
a: no special abilities


You were on level 2 of the Dungeon.
You visited 1 branch of the dungeon, and saw 2 of its levels.

You collected 40 gold pieces.

Inventory:

Hand Weapons
 a - a +0 war axe (weapon)
Missiles
 d - 3 throwing nets (quivered)
Armour
 b - a +0 leather armour (worn)
 c - a +1 helmet (worn)
Scrolls
 f - a scroll of random uselessness {unknown}
 h - a scroll of amnesia {unknown}
 i - a scroll of identify
 j - 2 scrolls of teleportation
 k - a scroll of enchant weapon {unknown}
Potions
 e - a potion of brilliance {unknown}
 g - a potion of flight


   Skills:
 + Level 2.4 Fighting
 + Level 3.5 Axes
 + Level 1.7 Throwing
 + Level 0.1 Armour
 + Level 2.8 Dodging


You had 2 spell levels left.
You didn't know any spells.
Your spell library was empty.

Dungeon Overview and Level Annotations

Branches:
Dungeon (2/15)

Altars:

Annotations:
D:2 Sigmund


Innate Abilities, Weirdness & Mutations

You regenerate a little health from kills.
You are immune to miasma.


Message History

Sigmund misses you.
The hobgoblin throws a boomerang.
The boomerang hits you but does no damage.
The weapon returns to the hobgoblin!
Sorry, you're not good enough to have a special ability.
You slash Sigmund!
Sigmund is moderately wounded.
Sigmund hits you with a +0 scythe!
* * * LOW HITPOINT WARNING * * *
The hobgoblin throws a boomerang.
The boomerang misses you.
The weapon returns to the hobgoblin!
You are too injured to fight recklessly!
You hit Sigmund but do no damage.
Sigmund is moderately wounded.
You miss the frilled lizard.
The hobgoblin throws a boomerang.
The boomerang hits you.
* * * LOW HITPOINT WARNING * * *
The weapon returns to the hobgoblin!
The frilled lizard bites you but does no damage.
Sigmund hits you with a +0 scythe!
You die...

[###........... ...............
...........?.. #............
........ ####..........###.......
.....g......... ........ ###
#...l@.....# #.......
...####...@......# #....... .
..##...............# #....... .##
.......#...........# #.......
...##.####....#[###.#### #..)....
..............#..##...#####††....
......#####......##.#....###.....
......### ###....##.##..(.....###
#.......# #.................#
#..#...## #..####.#.........#


You could see Sigmund, a hobgoblin and a frilled lizard.

Vanquished Creatures
  A worm (D:2)
  A dart slug (D:2)
  A leopard gecko (D:2)
  A bat (D:1)
  5 giant cockroaches
  A hobgoblin (D:1)
  4 jackals (D:2)
  4 kobolds
  A frilled lizard (D:2)
  4 goblins
  4 rats
27 creatures vanquished.

Vanquished Creatures (others)
  A fungus (D:1)
1 creature vanquished.

Grand Total: 28 creatures vanquished

Notes
Turn   | Place    | Note
-------+----------+-------------------------------------------
     0 | D:1      | soggyman666 the Demonspawn Gladiator began the quest for
                  | the Orb.
     0 | D:1      | Reached XP level 1. HP: 16/16 MP: 1/1
   199 | D:1      | Reached skill level 3 in Axes
   199 | D:1      | Gained mutation: You regenerate a little health from kills.
                  | [demonic ancestry]
   199 | D:1      | Reached XP level 2. HP: 14/22 MP: 2/2
   937 | D:2      | Gained mutation: You are immune to miasma. [demonic
                  | ancestry]
   937 | D:2      | Reached XP level 3. HP: 25/27 MP: 3/3
  1030 | D:2      | Noticed Sigmund
  1038 | D:2      | Slain by Sigmund

Illustrated notes

Levels and vault maps discovered:
D:1:      dpeg_arrival_prison, layout_basic
D:2:      layout_rooms, uniq_sigmund

Skill      XL: |  1 |
---------------+----+-----
Axes           | 3 |  3.5
Fighting       | |  2.4
Throwing       | |  1.7
Armour         | |  0.1
Dodging        | |  2.8

Action                   || total
-------------------------++-------
Melee: War axe           ||    75
  Use: Scroll            ||     4
Armor: Leather armour    ||    32
Dodge: Dodged            ||    61
